 Dungeon Crawl Stone Soup version 0.25-a0-55-g0753fd1ad2 (webtiles) character file.

Game seed: 14327773086285595631, levelgen mode: deterministic

395 Arixos the Skirmisher (level 6, 0/33 HPs)
             Began as a Vine Stalker Monk on Oct 25, 2019.
             Was a Follower of Uskayaw.
             Slain by a sky beast (2 damage)
             ... on level 5 of the Dungeon.
             The game lasted 00:13:04 (3952 turns).

Arixos the Skirmisher (Vine Stalker Monk)           Turns: 3952, Time: 00:13:05

Health: 0/33       AC:  4    Str: 13 (15) XL:     6   Next: 82%
Magic:  0/7        EV: 13    Int:  9 (10) God:    Uskayaw [*.....]
Gold:   235        SH:  0    Dex: 16 (17) Spells: 5/5 levels left

rFire    + . .     SeeInvis .   a - +0 falchion
rCold    + . .     Gourm    .   (no shield)
rNeg     . . .     Faith    .   d - +0 leather armour
rPois    .         Spirit   +   (no helmet)
rElec    .         Reflect  .   (no cloak)
rCorr    .         Harm     .   n - +0 pair of gloves
MR       .....                  (no boots)
Stlth    +.........             s - amulet of magic regeneration
HPRegen  0.51/turn              g - ring of protection from cold
MPRegen  0.35/turn              i - ring of protection from fire

@: confused, flying
A: fangs 2, regeneration 1, magic shield, antimagic bite, no potion heal 3, rot
immunity
a: Stomp, Renounce Religion


You were on level 5 of the Dungeon.
You worshipped Uskayaw.
Uskayaw was noncommittal.
You were not hungry.

You visited 2 branches of the dungeon, and saw 6 of its levels.

You collected 235 gold pieces.

Inventory:

Hand Weapons
 a - a +0 falchion (weapon)
Armour
 d - a +0 leather armour (worn)
 n - a +0 pair of gloves (worn)
Jewellery
 g - a ring of protection from cold (left hand)
 i - a ring of protection from fire (right hand)
 s - an amulet of magic regeneration (around neck)
 v - an uncursed amulet of the gourmand {unknown}
Wands
 t - a wand of disintegration (20)
Scrolls
 f - 4 scrolls of identify {unknown}
 h - 2 scrolls of amnesia {unknown}
 j - 2 scrolls of magic mapping {unknown}
 l - 6 scrolls of remove curse {unknown}
 m - a scroll of enchant weapon {unknown}
 o - a scroll of enchant armour {unknown}
 r - a scroll of fear {unknown}
 u - a scroll of teleportation {unknown}
 w - a scroll of immolation {unknown}
Potions
 q - a potion of curing
Comestibles
 c - 4 rations


   Skills:
 + Level 4.0 Fighting
 + Level 4.0 Long Blades
 + Level 2.5 Armour
 + Level 3.6 Dodging
 - Level 2.4 Stealth
 + Level 1.1 Invocations


You had 5 spell levels left.
You didn't know any spells.
Your spell library was empty.

Dungeon Overview and Level Annotations

Branches:
Dungeon (5/15)             Temple (1/1) D:4

Altars:
Ashenzari
Cheibriados
Dithmenos
Elyvilon
Fedhas
Gozag
Hepliaklqana
Kikubaaqudgha
Makhleb
Nemelex Xobeh
Okawaru
Qazlal
Ru
Sif Muna
Trog
Uskayaw
Vehumet
Wu Jian
Xom
Yredelemnul
Zin
The Shining One

Annotations:
D:3 exclusion: centaur


Innate Abilities, Weirdness & Mutations

You have extremely sharp teeth.
Your natural rate of healing is unusually fast.
When hurt, damage is shared between your health and your magic reserves.
Your bite disrupts and absorbs the magic of your enemies.
Potions cannot restore your health.
You are immune to rotting.


Message History

The hound bites you.
* * * LOW HITPOINT WARNING * * *
Something hits you but does no damage. The hound barely misses you.
It was a potion of flight.
You feel very buoyant.
You fly up into the air.
The hound misses you. Something hits you. Something shocks you.
* * * LOW HITPOINT WARNING * * *
It was a potion of ambrosia.
You are confused.
Your system rejects the healing.
You feel invigorated. The hound bites you but does no damage.
Something hits you but does no damage. The hound misses you.
It was a potion of degeneration.
There was something very wrong with that liquid.
You feel weakened.
You feel dopey.
You feel clumsy. The hound completely misses you. Something hits you.
* * * LOW HITPOINT WARNING * * *
Something shocks you.
You die...

#.## ##.# #..###.##
##....## # ##### ######
## #.?.## ##. #....# ##.#
# ##....# ###.##
###.$##{....########...#
.......h@..............##
#......###..............#
#.....# #..##..[...###..
..##.. #.######...###.. .
#. ..## ##....... #. ###
##.###### # #######.##
#......## ########


You could see a hound.

Vanquished Creatures
  A bullfrog (D:3)
  A scorpion (D:4)
  A bullfrog zombie (D:5)
  An orc priest (D:4)
  An iguana (D:4)
  4 gnolls
  7 adders
  A shadow imp (D:2)
  3 worms (D:2)
  A dart slug (D:2)
  3 leopard geckos
  4 orcs
  3 giant cockroaches
  9 goblins
  7 hobgoblins
  9 jackals
  5 kobolds
  2 quokkas
  3 ball pythons
  5 bats
  8 frilled lizards
  4 rats
83 creatures vanquished.

Notes
Turn   | Place    | Note
-------+----------+-------------------------------------------
     0 | D:1      | Arixos the Vine Stalker Monk began the quest for the Orb.
     0 | D:1      | Reached XP level 1. HP: 11/11 MP: 2/2
   443 | D:1      | Reached XP level 2. HP: 16/16 MP: 3/3
   851 | D:1      | Reached XP level 3. HP: 20/20 MP: 4/4
  1028 | D:1      | Reached skill level 1 in Armour
  1535 | D:2      | Gained mutation: Your natural rate of healing is unusually
                  | fast. [Vine Stalker growth]
  1535 | D:2      | Reached XP level 4. HP: 20/24 MP: 3/5
  2057 | D:3      | Found a basalt altar of Yredelemnul.
  2187 | D:3      | Reached XP level 5. HP: 28/28 MP: 6/6
  2383 | D:3      | Noticed a centaur
  2736 | D:2      | Reached XP level 6. HP: 17/33 MP: 2/7
  2897 | D:3      | Found an opulent altar of Gozag.
  2995 | D:4      | Found a staircase to the Ecumenical Temple.
  3002 | Temple   | Entered the Ecumenical Temple
  3238 | Temple   | Became a worshipper of Uskayaw the Reveler
  3238 | Temple   | Reached * piety under Uskayaw
  3303 | D:4      | Found a white marble altar of Elyvilon.
  3640 | D:4      | Reached ** piety under Uskayaw
  3648 | D:4      | Reached *** piety under Uskayaw
  3649 | D:4      | Reached skill level 1 in Invocations
  3823 | D:5      | Entered Level 5 of the Dungeon
  3938 | D:5      | Noticed a sky beast
  3952 | D:5      | Slain by a sky beast

Levels and vault maps discovered:
D:1:      nzn_arrival_water_spiral, layout_basic, grunt_decor_resistance
D:2:      layout_basic
D:3:      layout_basic, grunt_gozag_statues, eino_tiny_chamber,
          yredelemnul_altar_generic
D:4:      layout_cave_pools, minmay_temple_entry_crystal_x, corner_web_ring,
          serial_bayou_pond_b, elyvilon_altar_4
D:5:      layout_layer_cave, first_ration, serial_shops, shop, abandoned_shop,
          serial_park_tiny_pond, uniq_ijyb
Temple:   nicolae_temple_the_god_donut

Table legend:
 A = Non-vault XP
 B = Vault XP
 C = Vault XP percentage of total XP
 D = Non-vault monster count
 E = Vault monster count
 F = Vault count percentage of total count
                 A         B        C        D         E       F
            +---------+---------+-------+---------+---------+-------
      Total |     563 |       2 |   0.4 |      82 |       1 |   1.2
            +---------+---------+-------+---------+---------+-------
        D:1 |      44 |       0 |   0.0 |      25 |       0 |   0.0
        D:2 |     122 |       0 |   0.0 |      24 |       0 |   0.0
        D:3 |     185 |       0 |   0.0 |      18 |       0 |   0.0
        D:4 |     165 |       2 |   1.2 |      14 |       1 |   6.7
        D:5 |      47 |       0 |   0.0 |       1 |       0 |   0.0
            +---------+---------+-------+---------+---------+-------
